 Dungeon Sprint DCSS version 0.20.1-1-g8b1a95d (webtiles) character file.

43 KingStallion the Skirmisher (level 3, -3/26 HPs)
             Began as a Gargoyle Berserker on Oct 31, 2017.
             Was a Believer of Trog.
             Slain by a water elemental (17 damage)
             ... in the Dungeon (Sprint III: "The Ten Rune Challenge").
             The game lasted 00:00:43 (100 turns).

KingStallion the Skirmisher (Gargoyle Berserker)     Turns: 100, Time: 00:00:43

Health: -3/26      AC:  5    Str: 20    XL:     3   Next: 58%
Magic:  3/3        EV: 12    Int:  7    God:    Trog [**....]
Gold:   21         SH:  0    Dex: 10    Spells: 2/2 levels left

rFire    . . .     SeeInvis .   a - +0 falchion
rCold    . . .     Gourm    .   (no shield)
rNeg     + . .     Faith    .   b - +0 animal skin
rPois    ∞         Spirit   .   (no helmet)
rElec    +         Reflect  .   (no cloak)
rCorr    .         Harm     .   (no gloves)
MR       ++...     NoTele   +   (no boots)
Stlth    ++........             (no amulet)
Regen    1.1/turn               (no ring)
MPRegen  0.1/turn               (no ring)

@: engulfed, berserk cooldown, regenerating
A: negative energy resistance 1, electricity resistance, unbreathing,
petrification resistance, rot immunity, AC +3
a: Berserk, Trog's Hand, Burn Spellbooks, Renounce Religion


You were in the Dungeon.
You worshipped Trog.
Trog was pleased with you.
You were not hungry.

You visited 1 branch You collected 21 gold pieces.

Inventory:

Hand Weapons
 a - a +0 falchion (weapon)
Armour
 b - a +0 animal skin (worn)
Scrolls
 i - a scroll of blinking
 m - 2 scrolls of torment {unknown}
 n - a scroll of enchant weapon {unknown}
 o - 2 scrolls of remove curse {unknown}
 r - a scroll of fear {unknown}
Potions
 d - 2 potions of curing
 e - a potion of heal wounds
 f - a potion of haste
 g - 2 potions of magic
 h - a potion of berserk rage
 j - 2 potions of flight {unknown}
 l - 4 potions of mutation
 q - 2 potions of agility {unknown}
Comestibles
 c - a bread ration
 k - a chunk of flesh
 p - 4 fruits
 s - a royal jelly


   Skills:
 * Level 5.3 Fighting
 * Level 4.4 Long Blades
 * Level 2.9 Armour
 + Level 2.1 Dodging
 * Level 2.5 Stealth
 * Level 1.4 Unarmed Combat


You had 2 spell levels left.
You didn't know any spells.

Dungeon Overview and Level Annotations

Branches:
Dungeon (1/1)

Altars:


Innate Abilities, Weirdness & Mutations

You are resistant to torment.
Your stone body is resilient. (AC +3)
You are immune to poison.
You resist negative energy. (rN+)
You are resistant to electric shocks. (rElec)
You can survive without breathing.
You are immune to petrification.
You are immune to rotting.


Message History

You open the door.
A water elemental comes into view.
Your skin crawls.
You feel resistant to hostile enchantments.
You feel somewhat more hungry.
You're still recovering from your berserk rage.
The water elemental hits you!
The water elemental engulfs you in water!
There is an open door to the Ecumenical Temple here.
You slash the water elemental!
The water elemental is moderately damaged.
The water elemental hits you.
You hit the water elemental.
The water elemental is moderately damaged.
The water elemental closely misses you.
You barely miss the water elemental.
The water elemental is moderately damaged.
The water elemental hits you!
Ouch! That really hurt!
You die...

▓▓▓▓▓▓▓ ▓▓▓ ..#)..####
##.# ..#......#####..#
.##.......#..#..#
#.##.##...#..#..###+#+##
#.##.###..##'#..#.......
.####.##..###...@E⌠.....
###..##..####...#...####
.....##..###....#.⌠.#
##..##...##.....#...#
#..##....#......#+###
..###..##.#.....# ..#
#..#####....# ▓▓▓ ▓▓▓▓
▓▓▓▓▓▓


You could see a water elemental.

Vanquished Creatures
  A human (D)
  A wolf (D)
  2 oozes (D)
  2 rats (D)
6 creatures vanquished.

Vanquished Creatures (others)
  A yaktaur (D)
1 creature vanquished.

Grand Total: 7 creatures vanquished

Notes
Turn   | Place    | Note
-------+----------+-------------------------------------------
     0 | D        | KingStallion the Gargoyle Berserker began the quest for the Orb.
     0 | D        | Reached XP level 1. HP: 14/14 MP: 1/1
     9 | D        | Reached skill level 1 in Stealth
    15 | D        | Reached skill level 4 in Fighting
    15 | D        | Reached XP level 2. HP: 20/20 MP: 2/2
    31 | D        | Reached ** piety under Trog
    42 | D        | Killed a yaktaur
    59 | D        | Reached skill level 1 in Unarmed Combat
    59 | D        | Reached XP level 3. HP: 25/25 MP: 3/3
    65 | D        | Reached skill level 5 in Fighting
    95 | D        | Noticed a water elemental
   100 | D        | Slain by a water elemental

Skill      XL: |  1  2  3 |
---------------+----------+-----
Long Blades    | 3 4 |  4.4
Stealth        | 1 2 |  2.5
Fighting       | 4 5 |  5.3
Dodging        | 2 |  2.1
Unarmed Combat | 1 |  1.4
Armour         | |  2.9

Action                   || total
-------------------------++-------
Melee: Falchion          ||    20
Invok: Berserk           ||     1
       Trog's Hand       ||     1
Armor: Animal skin       ||     6
Dodge: Dodged            ||    12
       Rpst.: Falchion   ||     6
